 Dungeon Crawl Stone Soup version 0.28-a0-1182-g381e24db82 (webtiles) character file.

Game seed: 263442424866913960

17047 Snarg the Fighter (level 11, -11/97 HPs)
             Began as a Demigod Wanderer on Dec 16, 2021.
             Mangled by a meliai (19 damage)
             ... on level 2 of the Lair of Beasts on Dec 17, 2021.
             The game lasted 01:30:48 (16309 turns).

Snarg the Fighter (Demigod Wanderer)               Turns: 16309, Time: 01:30:48

Health: -11/97     AC: 12    Str: 24    XL:     11   Next: 87%
Magic:  19/19      EV: 17    Int: 18    God:
Gold:   194        SH:  0    Dex: 13    Spells: 8/16 levels left

rFire   . . .      SeeInvis .   a - +8 whip "Snakebite" {venom, curare, rPois}
rCold   . . .      Faith    .   (no shield)
rNeg    . . .      Spirit   .   v - +2 ring mail {Will+}
rPois   +          Reflect  .   q - +0 helmet {Int+3}
rElec   .          Harm     .   (no cloak)
rCorr   .          Rampage  .   A - +0 pair of gloves
Will    ++...                   u - +0 pair of boots
Stlth   ++........              M - amulet of magic regeneration
HPRegen 0.26/turn               i - +4 ring of evasion
MPRegen 0.56/turn               O - ring of flight

@: lethally poisoned (-11 -> -24), flying, invisible
A: high mp 1, forlorn, divine attributes
a: no special abilities


You were on level 2 of the Lair of Beasts.
You visited 3 branches of the dungeon, and saw 12 of its levels.
You also visited: Ossuary.

You collected 1007 gold pieces.
You spent 813 gold pieces at shops.

Inventory:

Hand Weapons
 a - the +8 whip "Snakebite" (weapon) {venom, curare, rPois}
   (You bought it in a shop on level 9 of the Dungeon)

   It poisons the flesh of those it strikes.
   It occasionally inflicts asphyxiating poison on those it strikes, dealing
   poison damage and causing slowness.
   rPois:     It protects you from poison.
 h - a +0 whip of flaming
 y - a +2 short sword of electrocution
 T - a +5 dagger
 U - a +3 flail
 Z - a +3 flail of draining
Missiles
 j - 9 boomerangs
 Q - a boomerang of dispersal
 V - 2 curare-tipped darts
 W - a throwing net
Armour
 o - a +0 ring mail of fire resistance
 q - a +0 helmet of intelligence (worn)
 u - a +0 pair of boots (worn)
 v - a +2 ring mail of willpower (worn)
 A - a +0 pair of gloves (worn)
Magical Staves
 b - a staff of air
Jewellery
 i - a +4 ring of evasion (left hand)
 M - an amulet of magic regeneration (around neck)
 N - a ring of fire
 O - a ring of flight (right hand)
Wands
 x - a wand of digging (8)
 z - a wand of flame (41)
 P - a wand of iceblast (8)
 R - a wand of acid (10)
 X - a wand of charming (7)
 Y - a wand of polymorph (1)
Scrolls
 f - a scroll of fear {unknown}
 g - 6 scrolls of teleportation
 n - a scroll of silence {unknown}
 t - a scroll of holy word
 w - a scroll of acquirement {unknown}
 G - a scroll of magic mapping
 L - a scroll of fog
Potions
 c - a potion of mutation {unknown}
 k - a potion of ambrosia
 l - 4 potions of flight
 m - 4 potions of curing
 s - 3 potions of heal wounds
 D - 3 potions of might
 E - 2 potions of berserk rage
 F - 4 potions of lignification
 I - 2 potions of haste
 J - 2 potions of brilliance


   Skills:
 - Level 9.1 Fighting
 - Level 5.0 Short Blades
 + Level 8.1 Maces & Flails
 - Level 7.0 Armour
 - Level 5.0 Dodging
 - Level 4.0 Stealth
 - Level 3.0 Spellcasting
 - Level 6.0 Conjurations
 - Level 1.0 Necromancy
 - Level 6.0 Air Magic
 * Level 2.7 Earth Magic
 - Level 3.0 Evocations


You had 8 spell levels left.
You knew the following spells:

 Your Spells              Type           Power      Damage    Failure   Level
a - Shock                 Conj/Air       96%        1d9       1%          1
b - Static Discharge      Conj/Air       24%        N/A       3%          2
c - Corpse Rot            Necr/Air       30%        N/A       9%          2
d - Stone Arrow           Conj/Erth      36%        3d9       12%         3

Your spell library contained the following spells:

 Spells                   Type           Power      Damage    Failure   Level
 Freeze                   Ice            8%         1d3       24%         1
 Sting                    Tmut/Pois      8%         1d3       24%         1
 Ensorcelled Hibernation  Hex/Ice        4%         N/A       34%         2
 Frozen Ramparts          Ice            4%         1d2       56%         3
 Spider Form              Tmut/Pois      2%         N/A       56%         3
 Hailstorm                Conj/Ice       13%        3d5       56%         4
 Animate Armour           Summ/Erth      14%        N/A       80%         4
 Irradiate                Conj/Tmut      6%         3d15      88%         5
 Olgreb's Toxic Radiance  Pois           2%         N/A       93%         4
 Summon Ice Beast         Ice/Summ       2%         N/A       93%         4
 Alistair's Intoxication  Tmut/Pois      1%         N/A       100%        5
 Blade Hands              Tmut           1%         N/A       100%        5
 Dragon Form              Tmut           1%         N/A       100%        7
 Lehudib's Crystal Spear  Conj/Erth      9%         10d4      100%        8


Dungeon Overview and Level Annotations

Branches:
Dungeon (9/15)             Temple (1/1) D:5            Lair (2/6) D:9
  Snake (0/4) Lair:2          Orc (0/2) D:9         Ossuary (visited)
  Swamp: Lair:2-4    Shoals: Lair:2-4

Shops:
D:3 =   D:4 =   D:9 ([

Annotations:
D:1 clr
D:2 clr
D:3 clr
D:4 clr
D:5 clr
D:6 clr
D:7 3 runed translucent doors, clr, spaghetti's ghost, novice GnDe
D:8 clr
D:9 clr
Lair:1 hydrda, ring, clr, exclusion: hydra
Lair:2 1 transporter, GoddamnPoopooFuck's ghost, journeyman DsEE


Innate Abilities, Weirdness & Mutations

You have an increased reservoir of magic. (+10% MP)
You shall have no god before yourself.
Your divine heritage dramatically boosts your attributes as you level up.


Message History

The killer bee stings you but does no damage.
The killer bee closely misses you.
Unknown command.
Unknown command.
You feel much better.
You hear an angry buzzing noise.
The killer bee stings you.
You hear an angry buzzing noise.
The killer bee closely misses you. x2
You hear an angry buzzing noise.
The killer bee barely misses you.
Unknown command.
Unknown command.
Unknown command.
You feel much better. The meliai hits you with a +0 hand axe!
The meliai misses you. The killer bee misses you.
The meliai hits you with a +0 hand axe!
* * * LOW HITPOINT WARNING * * *
The meliai stings you but does no damage.
The killer bee barely misses you. The killer bee misses you.
The meliai misses you. The meliai closely misses you.
Unknown command.
Unknown command.
Unknown command.
Unknown command.
Press: ? - help, v - describe, . - travel
Here: a meliai, wielding a +0 hand axe, wearing a +0 robe, wearing a +0 buckler and wearing an amulet of magic regeneration (berserk)
The floor.
Unknown command.
You fade into invisibility!
The meliai closely misses you. The meliai stings you.
* * * LOW HITPOINT WARNING * * *
You are poisoned.
The meliai poisons you! The killer bee closely misses you.
The meliai hits you but does no damage. The meliai stings you!
* * * LOW HITPOINT WARNING * * *
The killer bee stings you.
* * * LOW HITPOINT WARNING * * *
The meliai hits you with a +0 hand axe!!
You die...

#.P....#..##...#...##...........#
###..####.##.#.#.#.##........<...
#.#...###.##...#...##...........#
##...###..#.#y#.#.#.#...........#
###..##...#..#...#..#...........#
#.#...##.©#©y#.#.#.©#©..........#
..........#..#yy #.(#............
..........#.#.#W#y#[#............
.......#P.##y..#@y.##............
.......##.##.#####.##............
.......##.##y..#...##............
.......##.###.# #y###............
.......#...#########.............
............###.###..............
............................###..
........................PP..###..
......>................P.....#...


You could see a queen bee, a meliai (berserk), 3 killer bees and
GoddamnPoopooFuck's ghost.

Vanquished Creatures
  2 boulder beetles (Lair:1)
  4 two-headed ogres
  Pikel (D:9)
  5 elephants (Lair:1)
  6 cane toads
  4 komodo dragons
  A hornet (D:9)
  3 blink frogs (Lair:1)
  5 basilisks
  8 yaks
  4 wyverns
  A steam dragon (D:7)
  11 water moccasins
  5 orc warriors
  2 black bears
  An ice beast (D:6)
  A necrophage (D:4)
  A wolf (Lair:1)
  2 centaurs (D:8)
  A lemure (D:8)
  3 kobold brigands
  7 bullfrogs
  4 water moccasin zombies (Ossuary)
  3 scorpions
  A wyvern zombie (D:8)
  A wyvern skeleton (D:6)
  A water moccasin skeleton (D:5)
  8 killer bees
  10 wights
  2 howler monkeys
  An electric eel (Lair:2)
  A centaur zombie (D:8)
  3 jellies
  4 hounds
  A centaur skeleton (D:6)
  An orc priest (D:6)
  3 bullfrog skeletons
  A gnoll shaman (D:8)
  6 iguanas
  Natasha (D:3)
  6 orc wizards
  3 hound skeletons
  3 mummies
  Robin (D:2)
  3 gnolls (D:8)
  A howler monkey zombie (D:7)
  7 adders
  3 shadow imps
  2 white imps
  2 ufetubi
  An adder zombie (Ossuary)
  A worm (D:4)
  A dart slug (D:5)
  19 orcs
  8 ball pythons
  7 endoplasms
  3 giant cockroaches
  14 goblins
  7 hobgoblins
  8 bats
  3 frilled lizards (D:2)
  7 gnoll zombies (Ossuary)
  5 hobgoblin zombies (Ossuary)
  31 kobolds
  6 kobold zombies
  2 orc zombies (Ossuary)
  5 rats
  2 bushes (D:9)
291 creatures vanquished.

Vanquished Creatures (others)
  A yak (D:9)
  12 fungi
  16 plants
29 creatures vanquished.

Grand Total: 320 creatures vanquished

Notes
Turn   | Place    | Note
-------+----------+-------------------------------------------
     0 | D:1      | Snarg the Demigod Wanderer began the quest for the Orb.
     0 | D:1      | Snarg set off with the following items: a +1 mace, a +0
                  | robe; and the following spell memorised: Shock; and the
                  | following spells available to memorise: Corpse Rot, Static
                  | Discharge
     0 | D:1      | Reached XP level 1. HP: 22/22 MP: 5/5
   593 | D:1      | Reached XP level 2. HP: 27/28 MP: 7/7
  1306 | D:2      | Noticed Robin
  1313 | D:2      | Reached skill level 5 in Fighting
  1329 | D:2      | Reached skill level 1 in Conjurations
  1331 | D:2      | Reached XP level 3. HP: 6/36 MP: 6/8
  1332 | D:2      | Killed Robin
  1643 | D:2      | Reached skill level 1 in Armour
  2660 | D:3      | Reached XP level 4. HP: 41/42 MP: 9/9
  2666 | D:3      | Found Hogh's Jewellery Boutique.
  2859 | D:3      | Noticed Natasha
  2864 | D:3      | Killed Natasha
  2956 | D:3      | Learned a level 2 spell: Static Discharge
  3518 | D:3      | Reached skill level 1 in Short Blades
  3518 | D:3      | Reached skill level 1 in Dodging
  3593 | D:3      | Reached XP level 5. HP: 48/48 MP: 10/10
  3734 | D:4      | Found a sand-covered staircase.
  3748 | Ossuary  | Entered an ossuary
  4046 | Ossuary  | Reached XP level 6. HP: 56/56 MP: 11/11
  4090 | Ossuary  | Reached skill level 1 in Stealth
  4314 | D:4      | Found Uvuil's Jewellery Shoppe.
  4326 | D:4      | Learned a level 2 spell: Corpse Rot
  4725 | D:4      | Reached XP level 7. HP: 61/61 MP: 10/13
  5270 | D:5      | Entered Level 5 of the Dungeon
  5453 | D:5      | Found a staircase to the Ecumenical Temple.
  5474 | Temple   | Entered the Ecumenical Temple
  6091 | D:5      | Reached XP level 8. HP: 68/68 MP: 12/14
  6552 | D:6      | Reached skill level 1 in Necromancy
  6595 | D:6      | Reached skill level 5 in Short Blades
  7285 | D:6      | Reached skill level 5 in Air Magic
  7684 | D:7      | Found a runed translucent gate.
  7685 | D:7      | Found a runed translucent gate.
  7686 | D:7      | Found a runed translucent gate.
  7693 | D:7      | Noticed spaghetti's ghost (novice GnDe)
  7694 | D:7      | Noticed a centaur warrior
  7852 | D:7      | Reached skill level 5 in Armour
  8214 | D:7      | Reached skill level 1 in Evocations
  8418 | D:7      | Reached XP level 9. HP: 74/74 MP: 10/15
  8900 | D:8      | Noticed a two-headed ogre
  9105 | D:8      | Reached skill level 6 in Fighting
  9351 | D:8      | Noticed a two-headed ogre
  9388 | D:8      | Killed a two-headed ogre
  9699 | D:8      | Killed a two-headed ogre
  9700 | D:8      | Reached skill level 7 in Fighting
  9826 | D:8      | Reached XP level 10. HP: 67/86 MP: 16/16
 10101 | D:9      | Found a staircase to the Lair.
 10493 | D:9      | Noticed a two-headed ogre
 10506 | D:9      | Killed a two-headed ogre
 10833 | D:9      | Found Lyxedobb's Weapon Emporium.
 10984 | D:9      | Reached skill level 8 in Fighting
 11251 | D:9      | Found a staircase to the Orcish Mines.
 11254 | D:9      | Found Sishriemu's Armour Emporium.
 11276 | D:9      | Got Paidag's Papyrus of Thrice Damned Blessings
 11469 | D:9      | Paralysed by a hornet for 1 turns
 11726 | D:9      | Reached skill level 5 in Conjurations
 12287 | D:9      | Noticed a two-headed ogre
 12510 | D:9      | Killed a two-headed ogre
 12511 | D:9      | Reached skill level 9 in Fighting
 12845 | D:9      | Noticed Pikel
 12855 | D:9      | Killed Pikel
 12963 | D:9      | Bought the +8 whip "Snakebite" {venom, curare, rPois} for
                  | 813 gold pieces
 12963 | D:9      | Found the +8 whip "Snakebite" {venom, curare, rPois}
 13019 | Lair:1   | Entered Level 1 of the Lair of Beasts
 13026 | Lair:1   | Noticed an eight-headed hydra
 13179 | Lair:1   | Reached XP level 11. HP: 46/97 MP: 19/19
 13704 | Lair:1   | Reached skill level 5 in Dodging
 13741 | Lair:1   | Reached skill level 5 in Maces & Flails
 14040 | Lair:1   | Noticed a boulder beetle
 14058 | Lair:1   | Killed a boulder beetle
 14406 | Lair:1   | Learned a level 3 spell: Stone Arrow
 14577 | Lair:1   | Noticed a boulder beetle
 14596 | Lair:1   | Killed a boulder beetle
 14597 | Lair:1   | Reached skill level 1 in Earth Magic
 15474 | Lair:2   | Found a staircase to the Snake Pit.
 16101 | Lair:2   | Found a transporter.
 16173 | Lair:2   | Found a transporter.
 16305 | Lair:2   | Noticed GoddamnPoopooFuck's ghost (journeyman DsEE)
 16305 | Lair:2   | HP: 4/97 [GoddamnPoopooFuck's ghost/stone arrow (37)]
 16309 | Lair:2   | Mangled by a meliai

Illustrated notes

Levels and vault maps discovered:
D:1:      dpeg_arrival_prison, layout_loops_cross,
          hellmonk_ecumenical_altar_zigzags
D:2:      layout_loops_corners, basic_altar, uniq_robin
D:3:      layout_loops_corners, serial_shops, nicolae_square_shop, uniq_natasha
D:4:      minmay_polygon_palace, layout_basic, mainiacjoe_overflow_boulevard,
          nicolae_ossuary_entry_giza, serial_shops, nicolae_diamond_shop
D:5:      layout_loops_corners, minmay_temple_entry_offerings, kennysheep_path_1
D:6:      layout_basic, chequers_serial_rivers_small_b, interstate_on_off
D:7:      layout_rooms, mainiacjoe_overflow_six_doors_small,
          fiery_altar_vehumet, gammafunk_ghost_split
D:8:      layout_rooms
D:9:      layout_stronghold, minmay_lair_entry_grove, orc_david_3,
          nrook_mini_backslash, uniq_pikel
Temple:   eino_narrow_crystal_temple
Lair:1:   layout_loops_ring, nzn_random_ring
Lair:2:   layout_small_grid, dummy_snake_entry, gammafunk_ghost_hive,
          serial_bayou_pond_a, serial_bayou_pond_a, st_stairs_11, minivault_26,
          chequers_serial_rivers_small_a, infiniplex_staircase_pool_2

Skill      XL: |  1  2  3  4  5  6  7  8  9 10 11 |
---------------+----------------------------------+-----
Fighting       | 5 7 9 |  9.1
Conjurations   | 1 2 3 4 5 6 |  6.0
Spellcasting   | 2 3 |  3.0
Armour         | 1 2 3 4 5 7 |  7.0
Short Blades   | 1 2 4 5 |  5.0
Dodging        | 1 4 5 |  5.0
Air Magic      | 2 3 4 5 6 |  6.0
Stealth        | 1 3 4 |  4.0
Necromancy     | 1 |  1.0
Evocations     | 1 3 |  3.0
Maces & Flails | 3 8 |  8.1
Earth Magic    | 2 |  2.7

Action                   |  1- 3 |  4- 6 |  7- 9 | 10-12 || total
-------------------------+-------+-------+-------+-------++-------
Melee: Mace              |    68 |       |     5 |    12 ||    85
       Short sword       |    52 |    93 |   145 |   108 ||   398
       Staff             |     4 |     6 |    14 |    11 ||    35
       Dagger            |       |       |    49 |     6 ||    55
       Whip              |       |       |       |   181 ||   181
       Flail             |       |       |       |    20 ||    20
Throw: Boomerang         |       |     1 |     3 |     2 ||     6
       Dart              |       |       |    10 |    23 ||    33
       Throwing net      |       |       |     1 |       ||     1
 Cast: Shock             |    38 |    71 |   159 |   150 ||   418
       Static Discharge  |       |     1 |    24 |    15 ||    40
       Stone Arrow       |       |       |       |     2 ||     2
       Corpse Rot        |       |       |       |     1 ||     1
Evoke: Wand              |       |       |     3 |     2 ||     5
  Use: Scroll            |       |     4 |     5 |    11 ||    20
       Potion            |       |       |     1 |     4 ||     5
 Stab: Sleeping          |       |       |     5 |     4 ||     9
Armor: Robe              |     9 |       |       |       ||     9
       Leather armour    |    26 |       |       |       ||    26
       Ring mail         |     3 |    29 |    77 |    81 ||   190
Dodge: Dodged            |   108 |    73 |   221 |   229 ||   631

Table legend: (Time is in decaauts)
 A = Elapsed time spent in this place.
 B = Non-inter-level travel time spent in this place.
 C = Inter-level travel time spent in this place.
 D = Time resting spent in this place.
 E = Time spent auto-exploring this place.
 F = Levels seen in this place.
 G = Mean time per level.
                   A        B        C        D        E       F      G
               +--------+--------+--------+--------+--------+-----+--------+
         Total |  16270 |  15457 |    813 |   3854 |   8072 |  13 | 1251.5 |
       Dungeon |  12443 |  11855 |    588 |   2736 |   6518 |   9 | 1382.6 |
        Temple |    191 |    178 |     13 |      0 |    167 |   1 |  191.0 |
          Lair |   3138 |   2926 |    212 |    857 |   1305 |   2 | 1569.0 |
       Ossuary |    496 |    496 |      0 |    261 |     82 |   1 |  496.0 |
               +--------+--------+--------+--------+--------+-----+--------+

Top non-repeatable levels by time:
     D:9: 2870 daAuts
  Lair:1: 1879 daAuts
     D:2: 1644 daAuts
     D:8: 1471 daAuts
  Lair:2: 1259 daAuts
     D:7: 1219 daAuts
     D:6: 1216 daAuts
     D:1: 1167 daAuts
     D:4: 1079 daAuts
     D:3: 910 daAuts
     D:5: 864 daAuts
 Ossuary: 496 daAuts
  Temple: 191 daAuts
